 Dungeon Crawl Stone Soup version 0.21-a0-401-g0b6bec4 (webtiles) character file.

217 tof the Slasher (level 5, 0/47 HPs)
             Began as a Minotaur Monk on Oct 25, 2017.
             Slain by Grinder (9 damage)
             ... while paralysed by Grinder
             ... on level 4 of the Dungeon.
             The game lasted 00:03:03 (2575 turns).

tof the Slasher (Minotaur Monk)                     Turns: 2575, Time: 00:03:04

Health: 0/47       AC:  5    Str: 16    XL:     5   Next: 62%
Magic:  4/4        EV:  2    Int:  7    God:
Gold:   158        SH:  0    Dex: 13    Spells: 4/4 levels left

rFire    . . .     SeeInvis .   a - +0 falchion
rCold    . . .     Gourm    .   (no shield)
rNeg     . . .     Faith    .   l - +0 ring mail
rPois    .         Spirit   .   (helmet restricted)
rElec    .         Reflect  .   (no cloak)
rCorr    .         Harm     .   (no gloves)
MR       .....                  (no boots)
Stlth    +.........             (no amulet)
HPRegen  0.15/turn              (no ring)
MPRegen  0.09/turn              (no ring)

@: paralysed
A: retaliatory headbutt, horns 2
a: no special abilities


You were on level 4 of the Dungeon.
You were hungry.

You visited 1 branch of the dungeon, and saw 4 of its levels.

You collected 158 gold pieces.

Inventory:

Hand Weapons
 a - a +0 falchion (weapon)
Missiles
 h - 4 tomahawks of dispersal (quivered)
 m - 5 needles of confusion
Armour
 l - a +0 ring mail (worn)
Jewellery
 k - an uncursed ring of resist corrosion {unknown}
 p - an uncursed amulet of magic regeneration {unknown}
Wands
 b - a wand of paralysis (21/24)
Scrolls
 d - 4 scrolls of identify {unknown}
 g - a scroll of fear {unknown}
 i - a scroll of immolation {unknown}
 n - a scroll of magic mapping {unknown}
 o - 2 scrolls of teleportation {unknown}
Potions
 e - a potion of curing {unknown}
 f - 3 potions of might {unknown}
 q - 2 potions of berserk rage {unknown}
 r - a potion of magic {unknown}
 s - a potion of degeneration {unknown}
Comestibles
 c - 3 bread rations
 j - 4 royal jellies


   Skills:
 + Level 4.5 Fighting
 * Level 5.2 Long Blades
 * Level 3.8 Armour
 + Level 4.1 Dodging
 - Level 1.5 Stealth


You had 4 spell levels left.
You didn't know any spells.

Dungeon Overview and Level Annotations

Branches:
Dungeon (4/15)
 Temple: D:4-7

Altars:
Fedhas
The Shining One

Annotations:
D:4 Grinder


Innate Abilities, Weirdness & Mutations

You reflexively headbutt those who attack you in melee.
You have a pair of horns on your head.


Message History

You hit Grinder.
Grinder is severely wounded.
Grinder gestures at you. You resist with significant effort.
You barely miss Grinder.
Grinder is severely wounded.
Grinder hits you but does no damage.
You hit Grinder.
Grinder is severely wounded.
Grinder closely misses you.
You hit Grinder.
Grinder is severely wounded.
Grinder barely misses you. You furiously retaliate!
You headbutt Grinder, but do no damage. You hit Grinder but do no damage.
Grinder is severely wounded.
Grinder gestures at you.
You suddenly lose the ability to move!
Grinder hits you!
You die...

## #.######....## ...
............# . #
....###......# #..
.............#.###)...
...........>..........
....#####....##......(
#.....#.......#......
##.........#......
#...@5.....#......
#.##...<...# ..... ...
##......# .###. #...
#......# #..# #......#
#.. #........ #..
##.#..#### #$. #.#.##
.. .#


You could see Grinder.

Vanquished Creatures
  A hound (D:4)
  Terence (D:3)
  5 adders
  An ooze (D:1)
  A worm (D:2)
  5 dart slugs
  5 leopard geckos
  4 orcs
  18 bats
  5 giant cockroaches
  9 goblins
  6 hobgoblins
  7 jackals
  2 quokkas
  A ball python (D:3)
  3 frilled lizards
  9 kobolds
  A quokka skeleton (D:4)
  10 rats
94 creatures vanquished.

Notes
Turn   | Place    | Note
-------+----------+-------------------------------------------
     0 | D:1      | tof the Minotaur Monk began the quest for the Orb.
     0 | D:1      | Reached XP level 1. HP: 19/19 MP: 0/0
   193 | D:1      | Reached skill level 1 in Armour
   199 | D:1      | Reached XP level 2. HP: 17/27 MP: 1/1
   489 | D:1      | Reached skill level 4 in Long Blades
   573 | D:1      | Reached XP level 3. HP: 27/33 MP: 2/2
   940 | D:2      | Reached XP level 4. HP: 40/40 MP: 3/3
  1472 | D:3      | Found a glowing golden altar of the Shining One.
  1504 | D:3      | Found a blossoming altar of Fedhas.
  1664 | D:3      | Noticed Terence
  1678 | D:3      | Killed Terence
  1678 | D:3      | Reached XP level 5. HP: 42/47 MP: 4/4
  1745 | D:3      | Found a faded altar of an unknown god.
  1751 | D:3      | Reached skill level 5 in Long Blades
  2553 | D:4      | Noticed Grinder
  2574 | D:4      | Paralysed by Grinder for 7 turns
  2575 | D:4      | Slain by Grinder

Vault maps used:
D:1:      dpeg_arrival_snail, minmay_pentomino_p4
D:2:      minmay_tiny_reverse_x
D:3:      tso_metal_star, old_standard_altar, first_bread,
          chequers_ecumenical_altar_island, uniq_crazy_yiuf_cottage,
          uniq_terence
D:4:      black_bear_nest_1, bloody_makhleb, okawaru_trees_2, temple_green,
          serial_shops, shop, uniq_eustachio, uniq_grinder, uniq_sigmund

Skill      XL: |  1  2  3  4  5 |
---------------+----------------+-----
Armour         | 1 2 3 |  3.8
Long Blades    | 4 5 |  5.2
Fighting       | 4 |  4.5
Dodging        | 4 |  4.1
Stealth        | |  1.5

Action                   |  1- 3 |  4- 6 || total
-------------------------+-------+-------++-------
Melee: Falchion          |    56 |   125 ||   181
       Headbutt          |    15 |    24 ||    39
 Stab: Sleeping          |     1 |     1 ||     2
  Eat: Chunk             |       |     5 ||     5
Armor: Robe              |     7 |       ||     7
       Ring mail         |    10 |    46 ||    56
Dodge: Dodged            |    53 |    84 ||   137
       Rpst.: Falchion   |    17 |    24 ||    41

Table legend:
 A = Spawn XP
 B = Non-spawn XP
 C = Spawn XP percentage of total XP
 D = Spawn monster count
 E = Non-spawn monster count
 F = Spawn count percentage of total count
 G = Total turns spent on level
                    A         B        C        D         E        F      G
               +---------+---------+-------+---------+---------+-------+---------
         Total |       0 |     311 |   0.0 |       0 |      94 |   0.0 |  2575
               +---------+---------+-------+---------+---------+-------+---------
           D:1 |       0 |      56 |   0.0 |       0 |      30 |   0.0 |   713
           D:2 |       0 |      99 |   0.0 |       0 |      33 |   0.0 |   689
           D:3 |       0 |     113 |   0.0 |       0 |      28 |   0.0 |  1128
           D:4 |       0 |      43 |   0.0 |       0 |       3 |   0.0 |    45
               +---------+---------+-------+---------+---------+-------+---------
